Map: Ruins of Seras

Players

martinni

  • Race: Zerg Zerg
  • League: Master

Owl - Winner!

  • Race: Zerg Zerg
  • League: Master

VOD

Have the link to the VOD?

Description

Time

  • Played on: Dec. 16, 2015, 11:29 p.m.
  • Length: 3:52
Show
View Real Time Build Order
Export as new Build Order

martinni Zerg 

Build Orders: Pool Only 

Get SALT Encoding   

  12  0:01  Drone  
  13  0:22  Spawning Pool  
  13  0:25  Extractor  
  12  0:28  Drone  
  12  0:33  Drone  
  13  0:38  Drone  
  14  0:47  Overlord  
  14  1:12  Zergling x6  
  14  1:16  Queen  
  19  1:24  Zergling x2  
  20  1:31  Metabolic Boost  
  20  1:41  Overlord  
  20  1:52  Baneling Nest  
  19  1:56  Zergling x2  
  19  2:00  Zergling x2  
  21  2:06  Zergling x2  
  20  2:25  Zergling x4  
  20  2:26  Zergling x4  
  23  2:33  Zergling x2  
  24  2:39  Baneling  
  24  2:40  Baneling x2  
  24  2:43  Zergling x2  
  25  2:54  Zergling x2  
  26  2:59  Zergling x2  
  26  3:00  Zergling x2  
  26  3:05  Baneling  
  20  3:27  Zergling x2  
  20  3:28  Zergling x4  
  22  3:37  Baneling  
Show
View Real Time Build Order
Export as new Build Order

Owl Zerg - Winner!

Build Orders: Hatch First 

Get SALT Encoding   

  12  0:02  Drone  
  13  0:09  Drone  
  14  0:17  Overlord  
  14  0:22  Extractor  
  14  0:23  Drone  
  15  0:36  Drone x2  
  17  0:54  Hatchery  
  16  0:57  Drone  
  17  1:13  Spawning Pool  
  17  1:14  Drone  
  17  1:17  Extractor  
  16  1:20  Drone  
  16  1:23  Drone  
  18  1:28  Drone  
  19  1:38  Overlord  
  19  2:00  Queen  
  19  2:01  Spine Crawler, Zergling x4  
  22  2:07  Zergling x2  
  23  2:11  Baneling Nest, Zergling x2  
  23  2:20  Zergling x2  
  22  2:28  Zergling x2  
  22  2:29  Zergling x2  
  24  2:38  Spine Crawler  
  24  2:48  Zergling x6  
  27  2:56  Baneling x3  
  27  3:04  Baneling  
  26  3:20  Baneling  
  26  3:27  Zergling x10  
Tags
 
Add a new tag
Caveats
  • Supply blocks, unpowered buildings, or Contaminate may cause inaccurate times.
  • Supply counts are checked every 10 seconds.